[Event "Titled Tuesday Blitz August 22 Late 2023"]
[White "Bortnyk, Olexandr"]
[Black "Garcia Blanco, Omar"]
[WhiteFideId "14120828"]
[BlackFideId "2287153"]
[WhiteElo "3035"]
[BlackElo "2642"]
[Result "1/2-1/2"]
[Round "3"]
[TimeControl "180+1"]
[Date "2023.08.22"]
[WhiteClock "0:00:12"]
[BlackClock "0:00:10"]
[Board "50"]

1. e4 c5 2. c3 Nf6 3. e5 Nd5 4. d4 cxd4 5. Nf3 e6 6. cxd4 b6 7. Bc4 Ba6 8. Bxd5 exd5 9. Nc3 Bb4 10. Bg5 Qc8 11. Qb3 Bxc3+ 12. bxc3 O-O 13. Kd2 Nc6 14. Qxd5 Na5 15. Qe4 Qc4 16. Rhe1 f5 17. exf6 Rae8 18. Ne5 Qe6 19. f7+ Rxf7 20. Nxf7 Qxe4 21. Rxe4 Rxe4 22. Nd6 Re2+ 23. Kd1 Rxf2 24. Rc1 Rxg2 25. Bf4 Bd3 26. c4 Rg1+ 27. Kd2 Rxc1 28. Kxc1 Bxc4 29. Nc8 Nc6 30. a3 Nxd4 31. Kd2 Bf7 32. Nxa7 Ne6 33. Be3 b5 34. Nxb5 d5 35. a4 Be8 36. Kc3 Kf7 37. Kb4 Ke7 38. Nd4 Nxd4 39. Bxd4 g6 40. a5 Kd6 41. a6 Bc6 42. a7 Ba8 43. Kb5 Kd7 44. Kc5 h5 45. h4 Bb7 46. Be3 Ba8 47. Bf4 Bb7 48. Kd4 Ke6 49. Bg5 Ba8 50. Bd2 Bb7 51. Bc1 Ba8 52. Kc5 Kd7 53. Bf4 Bb7 54. Kd4 Ke6 55. Ke3 Ba8 56. Bc7 Bb7 57. Bb6 Ba8 58. Kf4 Bb7 59. Bd4 Ba8 60. Kg5 Kf7 61. Bf2 Bb7 62. Bg3 Ba8 63. Be5 Bb7 64. Ba1 Ba8 65. Bc3 Bb7 66. Bd4 Ba8 67. Kf4 Bb7 68. Ke5 Ke7 69. Bc5+ Kf7 70. Be3 Ke7 71. Bd4 Kf7 72. Kd6 Ba8 73. Kd7 g5 74. Be3 gxh4 75. Kc7 d4 76. Bxd4 h3 77. Bg1 Be4 78. Kd6 Kg6 79. Ke5 Ba8 80. Kf4 h4 81. Kg4 Kf6 82. Kxh4 Ke6 83. Kxh3 Kd7 84. Kg3 Kc6 85. Kf4 Kb7 86. Ke5 Ka6 87. Ke6 Bc6 88. Kd6 Kb7 89. Bf2 Ka8 90. Kxc6 1/2-1/2


[Site "https://www.chess.com"]

[Event "Titled Tuesday Blitz August 22 Late 2023"]
[White "Fiorito, Joaquin"]
[Black "Grischuk, Alexander"]
[WhiteFideId "180173"]
[BlackFideId "4126025"]
[WhiteElo "2627"]
[BlackElo "3008"]
[Result "0-1"]
[Round "3"]
[TimeControl "180+1"]
[Date "2023.08.22"]
[WhiteClock "0:00:04"]
[BlackClock "0:00:03"]
[Board "51"]

1. d4 Nf6 2. c4 e6 3. Nc3 Bb4 4. e3 O-O 5. Bd2 d5 6. Nf3 Be7 7. Bd3 dxc4 8. Bxc4 a6 9. a4 c5 10. O-O Nc6 11. dxc5 Bxc5 12. Qe2 Qc7 13. Rfd1 b6 14. Rac1 Bb7 15. Be1 Ne5 16. Nxe5 Qxe5 17. Bd3 h5 18. h3 Rfd8 19. Bb1 Qg5 20. e4 Qe5 21. Bd2 g5 22. Be3 g4 23. Bxc5 bxc5 24. hxg4 hxg4 25. Qe3 Kg7 26. Ne2 a5 27. Ng3 Rd4 28. Rxd4 cxd4 29. Qd2 Rc8 30. Rd1 Rc4 31. b3 Rc3 32. Bc2 Ba6 33. Bb1 Rxb3 34. Ba2 Rb4 35. Qc2 d3 36. Qc6 Bb7 37. Qc1 Bxe4 38. Qe3 Rxa4 39. Bb1 Ra1 40. Re1 a4 41. Bxd3 Rxe1+ 42. Qxe1 a3 43. Bc4 Qd4 44. Ba2 Bd5 45. Bb1 a2 46. Bxa2 Bxa2 47. Qe2 Bd5 48. Qc2 Qe5 49. Qd2 Ne4 50. Qe3 Kg6 51. Ne2 f5 52. Nf4+ Kf7 53. Nd3 Qf6 54. Qa7+ Kg8 55. Nf4 Qf7 56. Qb8+ Kh7 57. Qe5 Nf6 58. Nd3 Be4 59. Nf4 Nd7 60. Qd6 Bd5 61. Nd3 Kg7 62. Nf4 Nf8 63. Nh5+ Qxh5 64. Qe7+ Qf7 65. Qg5+ Ng6 0-1


[Site "https://www.chess.com"]

[Event "Titled Tuesday Blitz August 22 Late 2023"]
[White "Svane, Rasmus"]
[Black "Hamitevici, Vladimir"]
[WhiteFideId "4657101"]
[BlackFideId "13902393"]
[WhiteElo "2985"]
[BlackElo "2611"]
[Result "1-0"]
[Round "3"]
[TimeControl "180+1"]
[Date "2023.08.22"]
[WhiteClock "0:01:20"]
[BlackClock "0:00:18"]
[Board "52"]

1. Nf3 d5 2. g3 e6 3. Bg2 Be7 4. O-O Nf6 5. c4 O-O 6. b3 c5 7. cxd5 exd5 8. d4 Ne4 9. Bb2 Bf6 10. Nc3 Nc6 11. Na4 b5 12. Nxc5 Nxc5 13. Rc1 Nxb3 14. Qxb3 Na5 15. Qxb5 Nc4 16. Ne5 Be6 17. Nxc4 Rb8 18. Qc5 dxc4 19. Bc3 Qb6 20. Qxb6 axb6 21. d5 Bg4 22. Bxf6 gxf6 23. f3 Bd7 24. Rxc4 Bb5 25. Rg4+ Kh8 26. Kf2 Ra8 27. Rb1 Bd7 28. Rgb4 b5 29. R1b2 f5 30. Bh3 Rfd8 31. Rf4 Ra4 32. Rxa4 bxa4 33. e4 fxe4 34. Bxd7 Rxd7 35. fxe4 f5 36. Ke3 fxe4 37. Kxe4 Kg7 38. Ke5 1-0


[Site "https://www.chess.com"]

[Event "Titled Tuesday Blitz August 22 Late 2023"]
[White "Schmakel, Sam"]
[Black "Ibadov, Dashgyn"]
[WhiteFideId "2039311"]
[BlackFideId "24107514"]
[WhiteElo "2763"]
[BlackElo "2593"]
[Result "1-0"]
[Round "3"]
[TimeControl "180+1"]
[Date "2023.08.22"]
[WhiteClock "0:00:48"]
[BlackClock "0:00:01"]
[Board "53"]

1. c4 Nf6 2. Nc3 c5 3. g3 e6 4. Nf3 b6 5. Bg2 Bb7 6. O-O Be7 7. d4 cxd4 8. Qxd4 d6 9. b3 a6 10. Bb2 Nbd7 11. Rfd1 Qc7 12. Rac1 O-O 13. h3 Rac8 14. Ba3 Nc5 15. b4 Ncd7 16. Na4 Rfd8 17. b5 Nc5 18. Nxc5 bxc5 19. Qb2 axb5 20. cxb5 Qa5 21. Nd2 Bxg2 22. Kxg2 Ra8 23. Nc4 Qc7 24. f3 d5 25. Ne5 Rxa3 26. b6 Rxa2 27. bxc7 Rxb2 28. Nc6 Re8 29. Nxe7+ Kf8 30. c8=Q Rxc8 31. Nxc8 Rxe2+ 32. Kf1 Rh2 33. Kg1 Rxh3 34. Kg2 Rh5 35. Rxc5 Re5 36. Kf2 g5 37. Rc7 g4 38. Nd6 1-0


[Site "https://www.chess.com"]

[Event "Titled Tuesday Blitz August 22 Late 2023"]
[White "Tologon tegin, Semetei"]
[Black "Adewumi, Tanitoluwa"]
[WhiteFideId "13800574"]
[BlackFideId "30966396"]
[WhiteElo "2593"]
[BlackElo "2755"]
[Result "0-1"]
[Round "3"]
[TimeControl "180+1"]
[Date "2023.08.22"]
[WhiteClock "0:00:00"]
[BlackClock "0:00:40"]
[Board "54"]

1. d4 Nf6 2. Nc3 d5 3. Bf4 c6 4. e3 g6 5. h4 Bg7 6. h5 Nxh5 7. Rxh5 gxh5 8. Qxh5 Nd7 9. Bd3 Nf6 10. Qh2 Bg4 11. Be5 Qb6 12. Kd2 O-O-O 13. f3 Be6 14. Nge2 Rhg8 15. Nf4 Nd7 16. Bxg7 Rxg7 17. g4 c5 18. Nxe6 fxe6 19. dxc5 Nxc5 20. Qe5 Rf7 21. f4 Qxb2 22. Rb1 Ne4+ 23. Nxe4 Qxe5 0-1


[Site "https://www.chess.com"]

[Event "Titled Tuesday Blitz August 22 Late 2023"]
[White "Leebit02"]
[Black "Suyarov, Mukhammadzokhid"]
[BlackFideId "14210495"]
[WhiteElo "2571"]
[BlackElo "2731"]
[Result "0-1"]
[Round "3"]
[TimeControl "180+1"]
[Date "2023.08.22"]
[WhiteClock "0:00:15"]
[BlackClock "0:01:54"]
[Board "55"]

1. d4 e6 2. c4 b6 3. Nf3 Bb7 4. g3 Bb4+ 5. Bd2 Be7 6. Bg2 Nf6 7. O-O O-O 8. Nc3 Ne4 9. d5 Nxc3 10. Bxc3 d6 11. dxe6 fxe6 12. Nd4 Bxg2 13. Nxe6 Qc8 14. Nxf8 Bb7 15. Qd3 Qxf8 16. e4 Nd7 17. f3 Bf6 18. Rae1 Re8 19. b3 h5 20. h4 Qf7 21. Kg2 Qg6 22. Bxf6 Nxf6 23. Qd4 Re5 24. Re3 Kh7 25. Rfe1 a5 26. a3 Qe8 27. Kg1 Kg8 28. Qd2 Qe6 29. Kh2 a4 30. Qd4 axb3 31. Rxb3 Rc5 32. Rc1 Nd7 33. Rbc3 Ne5 34. Kg1 Ba6 35. f4 Rxc4 36. Rxc4 Nf3+ 37. Kf2 Nxd4 38. Rxd4 Qa2+ 39. Kg1 Qxa3 40. Rxc7 Qe3+ 0-1


[Site "https://www.chess.com"]

[Event "Titled Tuesday Blitz August 22 Late 2023"]
[White "Tanenbaum, Zachary"]
[Black "Ganiev, Roman"]
[WhiteFideId "2060850"]
[BlackFideId "4131452"]
[WhiteElo "2720"]
[BlackElo "2560"]
[Result "0-1"]
[Round "3"]
[TimeControl "180+1"]
[Date "2023.08.22"]
[WhiteClock "0:00:00"]
[BlackClock "0:01:03"]
[Board "56"]

1. e4 c5 2. Nf3 d6 3. d4 cxd4 4. Nxd4 Nf6 5. Nc3 a6 6. Be3 e5 7. Nb3 Be6 8. f4 Nbd7 9. f5 Bxb3 10. axb3 Rc8 11. Bc4 Be7 12. Nd5 O-O 13. Qd3 b5 14. Nxe7+ Qxe7 15. Bd5 Nxd5 16. Qxd5 Nf6 17. O-O Nxd5 18. exd5 Rxc2 19. f6 Qb7 20. fxg7 Rfc8 21. Rad1 Rxb2 22. Rf6 Rcc2 23. Bf2 Rxf2 24. Rxf2 Qb6 25. Rf1 Kxg7 26. g3 f5 27. b4 e4 28. h3 Rxf2 29. Rxf2 Qe3 30. g4 f4 31. g5 f3 0-1


[Site "https://www.chess.com"]

[Event "Titled Tuesday Blitz August 22 Late 2023"]
[White "Koziorowicz, Michal"]
[Black "Taboas Rodriguez, Daniel"]
[WhiteFideId "21809194"]
[BlackFideId "2208466"]
[WhiteElo "2702"]
[BlackElo "2545"]
[Result "0-1"]
[Round "3"]
[TimeControl "180+1"]
[Date "2023.08.22"]
[WhiteClock "0:00:04"]
[BlackClock "0:00:47"]
[Board "57"]

1. d4 Nf6 2. c4 g6 3. Nc3 Bg7 4. e4 d6 5. Be2 O-O 6. Bg5 c5 7. d5 e6 8. Nf3 exd5 9. exd5 h6 10. Bh4 Bg4 11. O-O Nbd7 12. Bg3 Ne8 13. Nd2 Bxe2 14. Qxe2 a6 15. a4 f5 16. Rae1 f4 17. Qe6+ Kh7 18. Bh4 g5 19. Nce4 gxh4 20. Nxd6 Nxd6 21. Qxd6 Rf6 22. Qe7 Kg8 23. Nf3 h3 24. gxh3 Qxe7 25. Rxe7 Rf7 26. Re6 b5 27. axb5 axb5 28. cxb5 Rb8 29. Kh1 Rxb5 30. Rg1 Rxb2 31. Nh4 Rxf2 32. Reg6 Kh7 33. Nf5 Bf8 34. Nxh6 Bxh6 35. Rg8 Nf6 36. Rd8 Rd7 37. Rxd7+ Nxd7 38. Rb1 f3 39. Rb7 Rf1# 0-1


[Site "https://www.chess.com"]

[Event "Titled Tuesday Blitz August 22 Late 2023"]
[White "ElDivis"]
[Black "Pert, Richard G"]
[BlackFideId "404748"]
[WhiteElo "2537"]
[BlackElo "2682"]
[Result "0-1"]
[Round "3"]
[TimeControl "180+1"]
[Date "2023.08.22"]
[WhiteClock "0:00:04"]
[BlackClock "0:00:39"]
[Board "58"]

1. d4 d5 2. c4 e6 3. Nf3 Nf6 4. e3 a6 5. Nbd2 c5 6. cxd5 exd5 7. b3 Nc6 8. Bb2 cxd4 9. Nxd4 Nxd4 10. Bxd4 Bb4 11. a3 Bd6 12. Be2 O-O 13. O-O Re8 14. Qc2 Be6 15. Qb2 Be7 16. Rac1 Qd7 17. Nf3 Bf5 18. Rfd1 Rad8 19. Be5 Qe6 20. Bc7 Rc8 21. Nd4 Qd7 22. Nxf5 Qxf5 23. Bf3 h5 24. b4 h4 25. h3 Bd8 26. Bf4 Bb6 27. Rxc8 Rxc8 28. Be5 Rc2 29. Qa1 Ne4 30. Rxd5 Nxf2 31. Bxg7 Nxh3+ 32. Kh2 Bc7+ 33. Kh1 Qxf3 34. Rg5 Nxg5 35. gxf3 Rh2+ 36. Kg1 Nxf3+ 0-1


[Site "https://www.chess.com"]

[Event "Titled Tuesday Blitz August 22 Late 2023"]
[White "Dourerassou, Jonathan"]
[Black "Arencibia Monduy, Antonio"]
[WhiteFideId "628050"]
[BlackFideId "3507939"]
[WhiteElo "2678"]
[BlackElo "2461"]
[Result "1-0"]
[Round "3"]
[TimeControl "180+1"]
[Date "2023.08.22"]
[WhiteClock "0:00:48"]
[BlackClock "0:00:06"]
[Board "59"]

1. d4 Nf6 2. Bg5 d5 3. Bxf6 exf6 4. e3 Bd6 5. g3 O-O 6. Bg2 c6 7. Ne2 Nd7 8. O-O f5 9. Nd2 Nf6 10. c4 dxc4 11. Nxc4 Bc7 12. Rc1 Re8 13. Qb3 Rb8 14. Rfd1 Be6 15. Qa3 Bxc4 16. Rxc4 a6 17. Qd3 g6 18. Qc2 Bd6 19. Nc3 Qe7 20. d5 cxd5 21. Nxd5 Nxd5 22. Bxd5 Be5 23. Qb3 Red8 24. Rc2 Kg7 25. Rcd2 Rd7 26. Bf3 Rxd2 27. Rxd2 b6 28. Qd3 a5 29. Kg2 Rc8 30. Qb5 Qc5 31. Qb3 Qb4 32. Qxb4 axb4 33. Be2 Rc7 34. b3 Kf6 35. Bc4 Ke7 36. Rd5 Bd6 37. h4 h5 38. Kf3 Rc5 39. Rd2 Be5 40. Ke2 Rc7 41. Rd5 Rc5 42. Rd1 Rc7 43. Kf3 Rd7 44. Rxd7+ Kxd7 45. Bxf7 Ke7 46. Bxg6 Kf6 47. Bxh5 Bd6 48. Be8 Bc5 49. Bb5 Bd6 50. Bd3 Bc5 51. e4 fxe4+ 52. Bxe4 Ke5 53. g4 Kd4 54. g5 Kc3 55. h5 Be7 56. Kg4 Kb2 57. h6 Bf8 58. Kh5 Kxa2 59. Bd5 1-0


[Site "https://www.chess.com"]

[Event "Titled Tuesday Blitz August 22 Late 2023"]
[White "Lacasa Diaz, Jose Antonio"]
[Black "Zhu, Jiner"]
[WhiteFideId "2203375"]
[BlackFideId "8608059"]
[WhiteElo "2354"]
[BlackElo "2656"]
[Result "0-1"]
[Round "3"]
[TimeControl "180+1"]
[Date "2023.08.22"]
[WhiteClock "0:00:48"]
[BlackClock "0:01:38"]
[Board "60"]

1. e4 e5 2. Nf3 Nc6 3. Bb5 a6 4. Ba4 d6 5. Bxc6+ bxc6 6. d4 exd4 7. Nxd4 Bd7 8. O-O Nf6 9. Re1 Be7 10. c4 O-O 11. Nc3 Re8 12. b3 c5 13. Nf3 Bc6 14. Bb2 Bf8 15. Qd3 a5 16. Nd5 Nd7 17. e5 dxe5 18. Nxe5 Nxe5 19. Bxe5 Bd6 20. Bc3 Qg5 21. Rxe8+ Rxe8 22. Bxa5 Qe5 0-1


[Site "https://www.chess.com"]

[Event "Titled Tuesday Blitz August 22 Late 2023"]
[White "Wieczorek, Zbigniew"]
[Black "Skatchkov, Valery"]
[WhiteFideId "1102001"]
[BlackFideId "24195812"]
[WhiteElo "2180"]
[BlackElo "2645"]
[Result "0-1"]
[Round "3"]
[TimeControl "180+1"]
[Date "2023.08.22"]
[WhiteClock "0:00:00"]
[BlackClock "0:00:49"]
[Board "61"]

1. g3 d5 2. Bg2 e5 3. c3 Bd6 4. d4 e4 5. f3 f5 6. Nh3 Nf6 7. Bg5 O-O 8. O-O c6 9. Nd2 Be6 10. e3 Nbd7 11. Nf4 Bf7 12. fxe4 fxe4 13. c4 h6 14. Bxf6 Nxf6 15. cxd5 cxd5 16. Bh3 Qe8 17. Qb3 g5 18. Ne2 Qe7 19. Bf5 Be6 20. Nc3 a6 21. Rae1 Ra7 22. Rf2 Bf7 23. Ref1 Kg7 24. Bh3 Bg8 25. Bf5 b5 26. a3 Rc7 27. Ndb1 Qe8 28. Kg2 Qc6 29. Na2 Qc4 30. Qxc4 bxc4 31. Nac3 Rb8 32. Rc1 Rcb7 33. Rcc2 Be7 34. Nd1 Bf7 35. Nbc3 Ne8 36. h3 Nd6 37. g4 Rb3 38. Kf1 h5 39. Ke1 hxg4 40. Bxg4 Bg6 41. Kd2 Bf7 42. Kc1 Rf8 43. Ne2 Nb5 44. Ndc3 Bg8 0-1


[Site "https://www.chess.com"]

[Event "Titled Tuesday Blitz August 22 Late 2023"]
[White "Senft, Sean"]
[Black "Deac, Bogdan-Daniel"]
[WhiteFideId "2044960"]
[BlackFideId "1226380"]
[WhiteElo "2348"]
[BlackElo "3045"]
[Result "0-1"]
[Round "3"]
[TimeControl "180+1"]
[Date "2023.08.22"]
[WhiteClock "0:00:00"]
[BlackClock "0:01:06"]
[Board "62"]

1. d4 f5 2. c4 Nf6 3. Nc3 e6 4. Nf3 Bb4 5. Bd2 O-O 6. g3 b6 7. Bg2 Bb7 8. O-O Bxc3 9. Bxc3 Qe7 10. Nd2 Bxg2 11. Kxg2 d6 12. f4 d5 13. Qb3 Rd8 14. Nf3 Nbd7 15. Rad1 c6 16. Rd3 Ne4 17. Nd2 Ndf6 18. Nxe4 Nxe4 19. Qa4 Qb7 20. c5 bxc5 21. Qa3 c4 22. Rdd1 a5 23. Qa4 Qb5 24. Qc2 a4 25. Rb1 Rdb8 26. h3 Qb6 27. g4 Qc7 28. e3 Rb5 29. Kh1 Ng3+ 30. Kh2 Nxf1+ 31. Rxf1 a3 32. gxf5 exf5 33. Qxf5 axb2 34. Rb1 Qf7 35. Qg4 h5 36. Qg2 Rxa2 37. Rxb2 Rbxb2 38. Bxb2 c3 0-1


[Site "https://www.chess.com"]

[Event "Titled Tuesday Blitz August 22 Late 2023"]
[White "Hakobyan, Aram"]
[Black "Ismayil, Malak"]
[WhiteFideId "13306677"]
[BlackFideId "13412604"]
[WhiteElo "3001"]
[BlackElo "2520"]
[Result "1-0"]
[Round "3"]
[TimeControl "180+1"]
[Date "2023.08.22"]
[WhiteClock "0:02:27"]
[BlackClock "0:01:21"]
[Board "63"]

1. c4 e5 2. Nc3 Nf6 3. Nf3 Nc6 4. d4 exd4 5. Nxd4 Bc5 6. Nb3 Bb4 7. g3 O-O 8. Bg2 Bxc3+ 9. bxc3 d6 10. O-O Re8 11. c5 d5 12. Bg5 Be6 13. Nd4 Ne5 14. Rb1 Rb8 15. Nxe6 fxe6 16. Qa4 a6 17. Bxf6 Qxf6 18. Rxb7 Rbc8 19. Rxc7 Qf8 20. Rxc8 Rxc8 21. Qxa6 Rc6 22. Qb7 Qxc5 23. a4 Qxc3 24. a5 Qxa5 25. Qb8+ Kf7 26. Qxe5 1-0


[Site "https://www.chess.com"]

[Event "Titled Tuesday Blitz August 22 Late 2023"]
[White "Gurevich, Dmitry"]
[Black "Andreikin, Dmitry"]
[WhiteFideId "2000407"]
[BlackFideId "4158814"]
[WhiteElo "2518"]
[BlackElo "2980"]
[Result "0-1"]
[Round "3"]
[TimeControl "180+1"]
[Date "2023.08.22"]
[WhiteClock "0:01:34"]
[BlackClock "0:02:29"]
[Board "64"]

1. d4 g6 2. e4 Bg7 3. c3 d6 4. Nf3 Nc6 5. Bd3 e5 6. d5 Nce7 7. c4 f5 8. Nc3 Nf6 9. O-O O-O 10. Re1 f4 11. c5 h6 12. cxd6 cxd6 13. b3 g5 14. Ba3 Ng6 15. Rc1 a6 16. Nd2 b5 17. Bb2 g4 18. a4 g3 19. fxg3 Ng4 20. Nf1 Qb6+ 0-1


[Site "https://www.chess.com"]

[Event "Titled Tuesday Blitz August 22 Late 2023"]
[White "arenal72"]
[Black "Santos Latasa, Jaime"]
[BlackFideId "2293307"]
[WhiteElo "2518"]
[BlackElo "2967"]
[Result "0-1"]
[Round "3"]
[TimeControl "180+1"]
[Date "2023.08.22"]
[WhiteClock "0:00:03"]
[BlackClock "0:00:37"]
[Board "65"]

1. e4 c5 2. Be2 Nc6 3. d3 e6 4. f4 d5 5. Nf3 Bd6 6. O-O Nge7 7. e5 Bc7 8. c3 O-O 9. d4 b6 10. Bd3 f6 11. Na3 Bd7 12. Nc2 Be8 13. g4 Bg6 14. Be3 Bxd3 15. Qxd3 c4 16. Qd2 f5 17. h3 b5 18. b4 a5 19. a3 Qe8 20. Kh2 fxg4 21. hxg4 h5 22. gxh5 Qxh5+ 23. Kg2 Nf5 24. Kf2 Qh3 25. Rg1 Bd8 26. Ke2 axb4 27. axb4 Rxa1 28. Nxa1 Bh4 29. Nc2 Ng3+ 30. Kd1 Ne4 31. Qg2 Nxc3+ 32. Kc1 Qxg2 33. Rxg2 Bd8 34. Rg6 Re8 35. f5 Na2+ 36. Kd2 Naxb4 37. Nxb4 Nxb4 38. Bh6 Kh7 39. Bxg7 exf5 40. Rg1 Rg8 41. e6 Rxg7 42. Rh1+ Kg6 43. Ne5+ Kf6 44. Rh6+ Ke7 45. Kc3 Ba5 46. Rh8 Nc6+ 47. Kb2 Nxe5 48. dxe5 0-1


[Site "https://www.chess.com"]

[Event "Titled Tuesday Blitz August 22 Late 2023"]
[White "Holt, Conrad"]
[Black "szachmistrz2500"]
[WhiteFideId "2034387"]
[WhiteElo "2926"]
[BlackElo "2515"]
[Result "1-0"]
[Round "3"]
[TimeControl "180+1"]
[Date "2023.08.22"]
[WhiteClock "0:00:07"]
[BlackClock "0:00:00"]
[Board "66"]

1. d4 Nf6 2. c4 g6 3. Nc3 Bg7 4. e4 d6 5. Nf3 O-O 6. h3 e5 7. d5 Nbd7 8. Bg5 h6 9. Be3 Nc5 10. Nd2 a5 11. Be2 c6 12. a3 cxd5 13. cxd5 Bd7 14. b4 axb4 15. axb4 Na6 16. Qb3 Ne8 17. O-O f5 18. Nc4 f4 19. Bb6 Qh4 20. Nd2 Rc8 21. Nf3 Qe7 22. Rfc1 g5 23. Nh2 Nf6 24. Ng4 Nxg4 25. hxg4 h5 26. Qd1 hxg4 27. Bxg4 Nxb4 28. Bxd7 Qxd7 29. Rab1 Na6 30. Qh5 g4 31. Nd1 Nb4 32. Nb2 Na2 33. Rxc8 Rxc8 34. Ra1 Nc1 35. Qg6 Ne2+ 36. Kf1 f3 37. gxf3 gxf3 38. Nd3 Qh3+ 39. Ke1 Nd4 40. Bxd4 exd4 41. Kd2 Qh6+ 42. Qxh6 Bxh6+ 43. Ke1 Rc2 44. Rd1 Re2+ 45. Kf1 Rxe4 46. Ne1 Rf4 47. Rd3 Bg7 48. Nxf3 1-0


[Site "https://www.chess.com"]

[Event "Titled Tuesday Blitz August 22 Late 2023"]
[White "Sargsyan, Shant"]
[Black "Flom, Gabriel"]
[WhiteFideId "13306766"]
[BlackFideId "621650"]
[WhiteElo "2919"]
[BlackElo "2510"]
[Result "1-0"]
[Round "3"]
[TimeControl "180+1"]
[Date "2023.08.22"]
[WhiteClock "0:00:35"]
[BlackClock "0:00:08"]
[Board "67"]

1. c4 Nf6 2. Nc3 g6 3. e4 d6 4. d4 Bg7 5. h4 O-O 6. Be2 c5 7. d5 b5 8. cxb5 a6 9. b6 Nbd7 10. h5 Rb8 11. a4 Rxb6 12. a5 Rb4 13. hxg6 hxg6 14. f3 Ne5 15. Nh3 Bxh3 16. Rxh3 Rd4 17. Qc2 Qc7 18. Be3 Rb8 19. Kf1 Rdb4 20. Nd1 c4 21. Bd2 Rb3 22. Bc3 Nh5 23. Qd2 Qc5 24. g4 Nf6 25. Ne3 Nfd7 26. Rc1 Rxb2 27. Bxb2 Rxb2 28. Qxb2 Qxe3 29. Rc3 Nd3 30. Bxd3 cxd3 31. Rc8+ Nf8 32. Rxf8+ 1-0


[Site "https://www.chess.com"]

[Event "Titled Tuesday Blitz August 22 Late 2023"]
[White "Ibarra Jerez, Jose Carlos"]
[Black "Vafin, Ayrat"]
[WhiteFideId "2226332"]
[BlackFideId "4146530"]
[WhiteElo "2897"]
[BlackElo "2508"]
[Result "1-0"]
[Round "3"]
[TimeControl "180+1"]
[Date "2023.08.22"]
[WhiteClock "0:00:09"]
[BlackClock "0:00:07"]
[Board "68"]

1. e4 e5 2. Nf3 Nf6 3. Nc3 Bb4 4. Nxe5 O-O 5. Be2 Re8 6. Nd3 Bxc3 7. dxc3 Nxe4 8. Nf4 d6 9. O-O Nd7 10. c4 Ndc5 11. f3 Nf6 12. b3 Qe7 13. Rf2 Ne6 14. Nd5 Nxd5 15. cxd5 Nc5 16. Bb2 Bf5 17. Bf1 Qd7 18. g4 Bg6 19. h4 f6 20. h5 Bf7 21. h6 Re5 22. c4 gxh6 23. Qd2 Rae8 24. Qxh6 Bg6 25. Bxe5 fxe5 26. Re1 Rf8 27. b4 Na4 28. f4 Qxg4+ 29. Bg2 Nc3 30. fxe5 Rxf2 31. Kxf2 Qd4+ 32. Kg3 dxe5 33. Qe3 Qxe3+ 34. Rxe3 Nxa2 35. Ra3 Nxb4 36. Rxa7 Nd3 37. Rxb7 e4 38. Rxc7 e3 39. Bf3 Kf8 40. d6 Bf5 41. c5 Ke8 42. Re7+ Kd8 43. c6 e2 44. Bxe2 Nc5 45. Kf4 Kc8 46. Kxf5 Kb8 47. Re8+ Ka7 48. d7 Kb6 49. d8=Q+ Kxc6 50. Bf3+ Kb5 51. Re5 Kc4 52. Qd5+ Kb4 53. Qxc5+ Kb3 54. Re3+ Kb2 55. Qb4+ Ka2 56. Ra3# 1-0


[Site "https://www.chess.com"]

[Event "Titled Tuesday Blitz August 22 Late 2023"]
[White "Swicarz, Maciej"]
[Black "Sjugirov, Sanan"]
[WhiteFideId "1113585"]
[BlackFideId "4189302"]
[WhiteElo "2507"]
[BlackElo "2877"]
[Result "0-1"]
[Round "3"]
[TimeControl "180+1"]
[Date "2023.08.22"]
[WhiteClock "0:00:03"]
[BlackClock "0:00:35"]
[Board "69"]

1. e4 e6 2. d4 d5 3. Nd2 c5 4. exd5 Qxd5 5. Ngf3 cxd4 6. Bc4 Qd6 7. O-O Nf6 8. Nb3 Nc6 9. Nbxd4 Nxd4 10. Qxd4 Qxd4 11. Nxd4 Bc5 12. Nb3 Bd6 13. Rd1 Ke7 14. Bg5 Rd8 15. Be2 Bd7 16. Bf3 Rac8 17. c3 b6 18. Nd4 h6 19. Bh4 g5 20. Bg3 Bxg3 21. hxg3 g4 22. Be2 e5 23. Nb3 Be6 24. Rxd8 Rxd8 25. Rd1 Rxd1+ 26. Bxd1 Ne4 27. Kf1 f5 28. Bc2 Nd6 29. Nc1 Kf6 30. b3 h5 31. c4 Nb7 32. Ne2 Na5 33. Ke1 Nc6 34. a3 Kg5 35. Kd2 f4 36. Be4 Ne7 37. gxf4+ exf4 38. Nd4 Bd7 39. Ke1 h4 40. Kf1 Kf6 41. f3 Ke5 42. Ne2 g3 43. Kg1 h3 44. gxh3 Bxh3 45. b4 Be6 46. c5 bxc5 47. bxc5 Bc4 48. Nc1 Kd4 49. c6 Ke3 50. c7 Kd2 51. Bb7 Kxc1 52. c8=Q Nxc8 53. Bxc8 Kb2 0-1


[Site "https://www.chess.com"]

[Event "Titled Tuesday Blitz August 22 Late 2023"]
[White "Cordova, Emilio"]
[Black "only_strong_moves"]
[WhiteFideId "3801497"]
[WhiteElo "2862"]
[BlackElo "2507"]
[Result "1-0"]
[Round "3"]
[TimeControl "180+1"]
[Date "2023.08.22"]
[WhiteClock "0:00:54"]
[BlackClock "0:00:00"]
[Board "70"]

1. d4 Nf6 2. c4 e6 3. Nc3 Bb4 4. e3 c5 5. Bd3 d5 6. Nf3 cxd4 7. exd4 dxc4 8. Bxc4 O-O 9. O-O a6 10. Bd3 h6 11. Bc2 Nc6 12. Qd3 Bd6 13. a3 e5 14. Nd5 Re8 15. Nxf6+ Qxf6 16. Qh7+ Kf8 17. Re1 Bg4 18. dxe5 Nxe5 19. Nxe5 Rxe5 20. Bd2 Rae8 21. Rxe5 Qxe5 22. g3 Qb5 23. Bc3 f6 24. Bg6 1-0


[Site "https://www.chess.com"]

[Event "Titled Tuesday Blitz August 22 Late 2023"]
[White "Glavina, Pablo"]
[Black "Mekhitarian, Krikor Sevag"]
[WhiteFideId "100234"]
[BlackFideId "2107660"]
[WhiteElo "2505"]
[BlackElo "2856"]
[Result "1-0"]
[Round "3"]
[TimeControl "180+1"]
[Date "2023.08.22"]
[WhiteClock "0:00:04"]
[BlackClock "0:00:02"]
[Board "71"]

1. c4 c5 2. Nf3 Nc6 3. d4 cxd4 4. Nxd4 Nf6 5. Nc3 e6 6. g3 Qb6 7. Ndb5 Ne5 8. Bf4 Nfg4 9. e3 a6 10. h3 axb5 11. hxg4 Nxc4 12. Rc1 d5 13. b3 Nd6 14. Bxd6 Bxd6 15. Bxb5+ Ke7 16. Qxd5 Qxe3+ 17. fxe3 Bxg3+ 18. Ke2 exd5 19. Nxd5+ Kd6 20. Kf3 Kxd5 21. Rhd1+ Ke5 22. Kxg3 Be6 23. Rc5+ Kf6 24. g5+ Ke7 25. Rc7+ Kf8 26. Rxb7 g6 27. Bd7 Rd8 28. Bxe6 Rxd1 29. Rxf7+ Ke8 30. Ra7 Rf8 31. Rxh7 Rd3 32. Bg4 Rxe3+ 33. Kg2 Rf4 34. Bd7+ Kd8 35. Ba4 Rd4 36. Kf2 Rc3 37. Rg7 Rd2+ 38. Ke1 Rxa2 39. Kd1 Rg2 40. Rxg6 Rh3 41. Re6 Rh1+ 42. Re1 Rhh2 43. Re8+ Kc7 44. Re7+ Kd6 45. Re1 Rxg5 46. Kc1 Rgg2 47. Rd1+ Kc5 48. Kb1 Kb4 49. Bc6 Rf2 50. Bd5 Rb2+ 51. Ka1 Ra2+ 52. Kb1 Rhb2+ 53. Kc1 Rh2 54. Rd4+ Ka3 55. Ra4# 1-0


[Site "https://www.chess.com"]

[Event "Titled Tuesday Blitz August 22 Late 2023"]
[White "Zierk, Steven"]
[Black "Reprintsev, Alexander"]
[WhiteFideId "2034255"]
[BlackFideId "14100541"]
[WhiteElo "2851"]
[BlackElo "2503"]
[Result "1-0"]
[Round "3"]
[TimeControl "180+1"]
[Date "2023.08.22"]
[WhiteClock "0:00:15"]
[BlackClock "0:00:00"]
[Board "72"]

1. e4 d5 2. exd5 Qxd5 3. Nc3 Qd6 4. d4 c6 5. Nf3 Bf5 6. g3 e6 7. Bf4 Qd8 8. Nh4 g6 9. Nxf5 gxf5 10. Bg2 Nd7 11. Qe2 Ndf6 12. O-O-O Bd6 13. Be5 Bxe5 14. Qxe5 Qb8 15. Qc5 Ne7 16. Rhe1 Nd7 17. Qa3 Qc7 18. d5 cxd5 19. Bxd5 Nc5 20. Nb5 Qb6 21. Nd6+ Qxd6 22. Bxb7 Qxd1+ 23. Rxd1 Nxb7 24. Qa4+ Kf8 25. Rd7 Nc5 26. Qd4 Nxd7 27. Qxh8+ Ng8 28. Qxh7 Ndf6 29. Qh4 Rd8 30. Qa4 Rd7 31. c4 Ne7 32. c5 Rc7 33. b4 Ne4 34. f3 Nc3 35. Qb3 Ncd5 36. h4 Nc6 37. a3 Kg7 38. Qb2+ Kg6 39. Qd2 f6 40. g4 Ne5 41. h5+ Kg7 42. gxf5 Nc4 43. Qg2+ 1-0


[Site "https://www.chess.com"]